 Dungeon Crawl Stone Soup version 0.19-a0-1608-g4cf22de (webtiles) character file.

4363 jacquesderrida the Carver (level 10, -5/53 HPs)
             Began as a Vine Stalker Skald on Sept 17, 2016.
             Was a Follower of Ashenzari.
             Slain by a troll (6 damage)
             ... on level 10 of the Dungeon.
             The game lasted 00:21:51 (3334 turns).

jacquesderrida the Carver (Vine Stalker Skald)      Turns: 3334, Time: 00:21:51

Health: -5/53      AC:  9    Str: 14    XL:     10   Next: 34%
Magic:  0/14       EV: 13    Int: 12    God:    Ashenzari [*.....]
Gold:   345        SH:  0    Dex: 18    Spells: 2 memorised, 9 levels left

rFire  . . .     SeeInvis .     h - +2 long sword (curse)
rCold  . . .     Gourm    .     m - +0 ring mail
rNeg   . . .     Faith    .     (no shield)
rPois  .         Spirit   +     (no helmet)
rElec  .         Dismiss  .     q - +2 cloak (curse)
rCorr  .         Reflect  .     (no gloves)
MR     +....     Harm     .     (no boots)
Stlth  +.........               (no amulet)
                                (no ring)
                                (no ring)

@: no status effects
A: fangs 3, regeneration 1, magic shield, antimagic bite, no device heal 3, rot
immunity
a: Curse Item, Scrying, Renounce Religion


You were on level 10 of the Dungeon.
You worshipped Ashenzari.
Ashenzari was aware of your devotion.
You were not hungry.

You visited 3 branches of the dungeon, and saw 12 of its levels.
You also visited: Sewer.

You collected 345 gold pieces.

Inventory:

Hand Weapons
 h - a cursed +2 long sword (weapon)
Missiles
 g - 3 javelins (quivered)
Armour
 f - a +0 leather armour
 m - a +0 ring mail (worn)
 q - a cursed +2 cloak (worn)
Wands
 a - a wand of flame (24/48)
 t - a wand of heal wounds (7/9)
 F - a wand of teleportation (6/9)
Scrolls
 e - 2 scrolls of teleportation
 i - 2 scrolls of identify
 j - 2 scrolls of enchant weapon
 l - 8 scrolls of remove curse
 w - 2 scrolls of blinking
 y - a scroll of immolation
 z - a scroll of holy word
 C - a scroll of noise {unknown}
 H - a scroll of recharging {unknown}
Potions
 b - a potion of lignification {unknown}
 k - 2 potions of heal wounds
 n - a potion of degeneration
 o - 4 potions of flight
 s - 7 potions of curing
 A - a potion of might
 B - a potion of ambrosia
 E - a potion of agility
Books
 c - a book of Battle

   Spells                             Type                      Level
   a - Infusion                       Charms                       1
   b - Shroud of Golubria             Charms/Translocation         2
   c - Song of Slaying                Charms                       2
   d - Spectral Weapon                Hexes/Charms                 3
   e - Regeneration                   Charms/Necromancy            3
 p - a book of Unlife

   Spells                             Type                      Level
   a - Recall                         Summoning/Translocation      3
   b - Animate Dead                   Necromancy                   4
   c - Control Undead                 Necromancy                   4
   d - Cigotuvi's Embrace             Necromancy                   5
   e - Death Channel                  Necromancy                   6
   f - Simulacrum                     Ice/Necromancy               6
 u - a book of the Sky

   Spells                             Type                      Level
   a - Summon Lightning Spire         Summoning/Air                4
   b - Airstrike                      Air                          4
   c - Silence                        Hexes/Air                    5
   d - Deflect Missiles               Charms/Air                   6
   e - Conjure Ball Lightning         Conjuration/Air              6
   f - Tornado                        Air                          9
Comestibles
 d - 5 bread rations
 r - 3 beef jerkies
 v - a royal jelly
 x - 4 meat rations
 G - 4 fruits


   Skills:
 + Level 6.1 Fighting
 * Level 10.3 Long Blades
 - Level 4.0 Armour
 + Level 4.4 Dodging
 - Level 2.1 Spellcasting
 - Level 3.0 Charms


You had 9 spell levels left.
You knew the following spells:

 Your Spells              Type           Power        Failure   Level  Hunger
a - Infusion              Chrm           #...         17%         1    ##.....
b - Spectral Weapon       Hex/Chrm       #.......     82%         3    ####...


Dungeon Overview and Level Annotations

Branches:
Dungeon (10/15)            Temple (1/1) D:4            Lair (1/6) D:8
    Orc: D:9-12

Altars:
Ashenzari
Cheibriados
Elyvilon
Fedhas
Makhleb
Nemelex Xobeh
Sif Muna
Trog
Uskayaw
Xom
The Shining One
Lugonu

Shops:
D:8 *

Annotations:
D:5 Prince Ribbit
D:9 Pikel


Innate Abilities, Weirdness & Mutations

You have razor-sharp teeth.
Your natural rate of healing is unusually fast.
When hurt, damage is shared between your health and your magic reserves.
Your bite disrupts and absorbs the magic of your enemies.
Potions and wands cannot restore your health.
You are immune to rotting.


Message History

The troll is severely wounded.
The troll bites you but does no damage.
The troll claws you but does no damage. x2
You closely miss the troll. Your bite misses the troll.
The troll is severely wounded.
The troll bites you. The troll claws you! The troll claws you.
You hit the troll but do no damage. You bite the troll. You drain its power.
You feel invigorated.
The troll is severely wounded.
The troll bites you! The troll barely misses you. The troll claws you!
* * * LOW HITPOINT WARNING * * *
You are too injured to fight recklessly!
You hit the troll. You bite the troll. You drain its power.
You feel invigorated.
The troll is severely wounded.
The troll bites you!
* * * LOW HITPOINT WARNING * * *
The troll claws you.
* * * LOW HITPOINT WARNING * * *
The troll claws you!
You die...

######..........#
##...##..........#
.'...''.........>#
##...##..........#
#...###########.#
#...# #.# #...#
#.# #...# #.#
#...# #@# #####
#T#####.#
#o......#
#'####### ...
..... .......
##.......
#........


You could see a troll and an orc warrior.

Vanquished Creatures
  The ghost of jacquesderrida the Carver, a novice VSSk (D:7)
  A spiny frog (Lair:1)
  A merfolk (D:9)
  2 hippogriffs
  A meliai zombie (D:9)
  A yak (D:8)
  2 vampire mosquitoes (D:8)
  A water moccasin (Lair:1)
  A porcupine (Lair:1)
  2 ice beasts (D:8)
  A black bear (D:8)
  4 ogres
  4 centaurs
  A crocodile (Lair:1)
  A big kobold (Sewer)
  3 bullfrogs
  2 scorpions
  5 wights (D:6)
  3 crimson imps
  A wasp zombie (D:9)
  3 hounds
  3 jellies
  A bullfrog skeleton (D:9)
  An orc priest (D:3)
  An iron imp (D:6)
  2 iguanas
  5 worker ants
  A hound zombie (D:6)
  Robin (D:2)
  A gnoll (D:4)
  7 adders
  3 river rats
  An ooze (D:3)
  An adder skeleton (D:5)
  An adder zombie (D:8)
  The ghost of jacquesderrida the Charmwright, a weakling VSSk of Ashenzari (D:4)
  4 leopard geckos
  18 orcs
  4 giant cockroaches
  12 goblins
  3 hobgoblins (D:2)
  5 kobolds
  4 quokkas
  4 bats
  6 frilled lizards
  8 rats
  A butterfly (D:6)
  A fungus (D:8)
141 creatures vanquished.

Vanquished Creatures (others)
  2 fungi (D:8)
  2 plants (D:8)
4 creatures vanquished.

Grand Total: 145 creatures vanquished

Notes
Turn   | Place    | Note
-------+----------+-------------------------------------------
     0 | D:1      | jacquesderrida the Vine Stalker Skald began the quest for the Orb.
     0 | D:1      | Reached XP level 1. HP: 11/11 MP: 4/4
    38 | D:1      | Reached skill level 2 in Long Blades
   119 | D:2      | Reached XP level 2. HP: 11/15 MP: 6/6
   157 | D:2      | Noticed Robin
   176 | D:2      | Killed Robin
   176 | D:2      | Reached skill level 3 in Long Blades
   176 | D:2      | Reached XP level 3. HP: 5/18 MP: 2/7
   296 | D:3      | Gained mutation: Your natural rate of healing is unusually fast. [Vine Stalker growth]
   296 | D:3      | Reached XP level 4. HP: 11/23 MP: 8/8
   312 | D:3      | Reached skill level 4 in Long Blades
   415 | D:3      | Reached XP level 5. HP: 11/26 MP: 4/9
   515 | D:3      | Found a glowing golden altar of the Shining One.
   573 | D:4      | Noticed jacquesderrida's ghost (weakling VSSk)
   577 | D:4      | Killed jacquesderrida's ghost
   634 | D:4      | Found a staircase to the Ecumenical Temple.
   648 | Temple   | Entered the Ecumenical Temple
   667 | Temple   | Became a worshipper of Ashenzari the Shackled
   719 | D:4      | Reached skill level 5 in Long Blades
   793 | D:4      | Noticed an ogre
   878 | D:4      | Killed an ogre
   878 | D:4      | Reached XP level 6. HP: 26/30 MP: 10/10
   972 | D:5      | Entered Level 5 of the Dungeon
  1011 | D:5      | Found a white marble altar of Elyvilon.
  1056 | D:5      | Reached skill level 6 in Long Blades
  1069 | D:5      | Noticed Prince Ribbit
  1109 | D:5      | Found a hide-covered altar of Uskayaw.
  1110 | D:5      | Noticed a dagger
  1110 | D:5      | Noticed a dagger
  1169 | D:6      | Reached XP level 7. HP: 21/34 MP: 11/11
  1250 | D:6      | Found a shimmering altar of Xom.
  1377 | D:6      | Found a glowing drain.
  1381 | Sewer    | Entered a sewer
  1467 | Sewer    | Reached skill level 7 in Long Blades
  1487 | Sewer    | Found a white marble altar of Elyvilon.
  1568 | D:6      | Found a snail-covered altar of Cheibriados.
  1683 | D:6      | Gained mutation: You have razor-sharp teeth. [Vine Stalker growth]
  1683 | D:6      | Reached XP level 8. HP: 34/40 MP: 12/12
  1711 | D:6      | Found a deep blue altar of Sif Muna.
  1878 | D:7      | Reached skill level 1 in Armour
  1878 | D:7      | Reached skill level 1 in Dodging
  1881 | D:7      | Reached skill level 8 in Long Blades
  1897 | D:7      | Learned a level 3 spell: Spectral Weapon
  1954 | D:7      | Noticed jacquesderrida's ghost (novice VSSk)
  1985 | D:8      | Noticed a yak
  2021 | D:8      | Noticed a hippogriff
  2031 | D:8      | Killed a hippogriff
  2162 | D:8      | Found Luuriugh's General Store.
  2202 | D:8      | Killed a yak
  2202 | D:8      | Reached XP level 9. HP: 23/46 MP: 8/13
  2241 | D:9      | Reached * piety under Ashenzari
  2296 | D:9      | Found a large runed door.
  2296 | D:9      | Found a large runed door.
  2300 | D:9      | Noticed Pikel
  2439 | D:9      | Reached skill level 9 in Long Blades
  2545 | D:9      | Noticed a merfolk
  2558 | D:9      | Killed a merfolk
  2558 | D:9      | Reached skill level 5 in Fighting
  2632 | D:9      | Found a sparkling altar of Nemelex Xobeh.
  2693 | D:8      | Found a staircase to the Lair.
  2752 | Lair:1   | Entered Level 1 of the Lair of Beasts
  2758 | Lair:1   | Noticed a spiny frog
  2768 | Lair:1   | Killed a spiny frog
  2851 | Lair:1   | Noticed a komodo dragon
  2856 | Lair:1   | Da...........
  2883 | D:8      | KIND OF
  2916 | D:7      | Reached XP level 10. HP: 26/53 MP: 9/14
  2923 | D:7      | Killed jacquesderrida's ghost
  2923 | D:7      | Reached skill level 10 in Long Blades
  3170 | D:10     | Entered Level 10 of the Dungeon
  3334 | D:10     | HP: 1/53 [troll (3)]
  3334 | D:10     | Slain by a troll

Vault maps used:
D:1:      lemuel_arrival_room, corner_web_ring, minmay_misc_feat_hallway,
          minmay_split_cup_small
D:2:      vehumet_crystals, yredelemnul_forgotten_temple_becter, first_bread,
          led_sif_pool, uniq_robin
D:3:      lemuel_round_altar
D:4:      minmay_ruined_shrine
D:5:      overflow_temple_1_default, dancing_weapons_uskayaw, elyvilon_altar_3,
          minmay_splitting_lines, uniq_edmund, uniq_prince_ribbit1
D:6:      slow_altar_2, xom_butterflies, kennysheep_little_box,
          gup_sewer_entry_bowl, abandoned_shop
D:7:      hangedman_decor_peaks_small
D:8:      due_lair_maze_entry_diamond, serial_shops, shop
D:9:      lemuel_doored_altar, hangedman_fish_farm,
          minmay_hollow_rounded_squares, uniq_pikel
D:10:     lemuel_angel_altar, uniq_grum, uniq_nergalle
Temple:   kb_corrupted_temple
Sewer:    sewer_kobolds

Skill      XL: |  1  2  3  4  5  6  7  8  9 10 |
---------------+-------------------------------+-----
Long Blades    | 2 3 4 5 6 7 8 9 10 | 10.3
Fighting       | 3 4 5 6 |  6.1
Armour         | 2 3 4 |  4.0
Dodging        | 2 3 4 |  4.4
Spellcasting   | |  2.1
Charms         | |  3.0

Action                   |  1- 3 |  4- 6 |  7- 9 | 10-12 || total
-------------------------+-------+-------+-------+-------++-------
Melee: Falchion          |    30 |   157 |   159 |       ||   346
       Bite              |     5 |    35 |   131 |    30 ||   201
       Long sword        |       |       |   224 |    97 ||   321
 Fire: Hunting sling     |    40 |    16 |       |       ||    56
Throw: Javelin           |       |       |     6 |       ||     6
       Throwing net      |       |       |     1 |       ||     1
Invok: Curse Item        |       |     1 |       |       ||     1
  Use: Scroll            |       |     1 |     7 |       ||     8
       Potion            |       |       |     5 |       ||     5
 Stab: Held in net/web   |       |       |     1 |       ||     1
  Eat: Chunk             |       |       |     8 |     1 ||     9
Armor: Leather armour    |    15 |     4 |       |       ||    19
       Ring mail         |       |    38 |    92 |    27 ||   157
Dodge: Dodged            |    35 |    57 |   164 |    48 ||   304
